 Dungeon Crawl Stone Soup version 0.30.1-9-gdf580d7c3d (webtiles) character file.

Game seed: 10611262172333669551

4697 Ancymon the Cleaver (level 10, -1/90 HPs)
             Began as a Hill Orc Fighter on Oct 7, 2023.
             Was a Believer of Beogh.
             Slain by a hornet (3 damage)
             ... on level 8 of the Dungeon.
             The game lasted 00:30:52 (8154 turns).

Ancymon the Cleaver (Hill Orc Fighter)              Turns: 8154, Time: 00:30:54

Health: -1/90      AC:  6    Str: 22    XL:     10   Next: 45%
Magic:  10/10      EV: 11    Int:  8    God:    Beogh [**....]
Gold:   530        SH:  5    Dex: 12    Spells: 9/9 levels left

rFire   . . .        a - +1 war axe
rCold   . . .        c - +0 buckler
rNeg    . . .        C - +0 swamp dragon scales
rPois   +            (no helmet)
rElec   .            i - +0 cloak
rCorr   .            (no gloves)
SInv    .            (no boots)
Will    .....        (no amulet)
Stlth   +            f - +4 ring of protection
HPRegen 0.35/turn    (no ring)
MPRegen 0.12/turn

%: no passive effects
@: corroded, studying Unarmed Combat
A: passive freeze
a: Renounce Religion, Smiting


You were on level 8 of the Dungeon.
You worshipped Beogh.
Beogh was pleased with you.
You visited 1 branch of the dungeon, and saw 8 of its levels.
You also visited: Ossuary.

You collected 530 gold pieces.

Inventory:

Hand Weapons
 a - a +1 war axe (weapon)
 g - a +0 halberd
 o - a +0 giant spiked club
 A - a +0 heavy dire flail
 B - a +1 morningstar of draining
 E - a +0 war axe
Missiles
 d - 10 poisoned darts (quivered)
 j - 6 javelins
Armour
 b - a +1 scale mail
 c - a +0 buckler (worn)
 i - a +0 cloak (worn)
 m - the +1 ring mail of Ru's Felicitations {rF+}
   (You found it on level 6 of the Dungeon)

   rF:        It protects you from fire.
 C - +0 swamp dragon scales (worn)
Jewellery
 f - a +4 ring of protection (left hand)
 h - a ring of protection from fire
 l - a ring of ice
 q - a ring of protection from cold
 w - a ring of ice
Wands
 s - a wand of iceblast (13)
 u - a wand of quicksilver (8)
Scrolls
 k - 9 scrolls of identify
 r - 2 scrolls of fog
 x - a scroll of brand weapon {unknown}
 y - 4 scrolls of immolation
 D - a scroll of silence
 F - a scroll of teleportation
Potions
 e - 6 potions of heal wounds
 n - 3 potions of brilliance
 p - 2 potions of curing
 t - 2 potions of mutation
 v - a potion of haste
 z - 2 potions of degeneration


   Skills:
 + Level 8.8 Fighting
 + Level 12.9(13.0) Axes
 + Level 1.8(7.2) Polearms
 + Level 7.8 Armour
 + Level 3.5 Dodging
 + Level 2.1 Stealth
 + Level 6.2 Shields


You had 9 spell levels left.
You didn't know any spells.
Your spell library contained the following spells:

 Spells                   Type           Power      Damage    Failure   Level
 Foxfire                  Conj/Fire      0%         2x1d4     61%         1
 Kiss of Death            Conj/Necr      0%         2d5       61%         1
 Lesser Beckoning         Tloc           0%         N/A       75%         2
 Confusing Touch          Hex            0%         N/A       93%         3
 Gell's Gravitas          Tloc           0%         N/A       93%         3
 Teleport Other           Tloc           0%         N/A       93%         3
 Dispel Undead            Necr           0%         3d6       100%        4
 Fireball                 Conj/Fire      0%         3d3       100%        5
 Plasma Beam              Fire/Air       0%         2x1d11    100%        6
 Simulacrum               Ice/Necr       0%         N/A       100%        6
 Starburst                Conj/Fire      0%         6d3       100%        6
 Ozocubu's Refrigeration  Ice            0%         4d7       100%        7
 Polar Vortex             Ice            0%         N/A       100%        9


Dungeon Overview and Level Annotations

Branches:
Dungeon (8/15)             Temple (0/1) D:7         Ossuary (visited)
   Lair: D:8-11

Altars:
Dithmenos

Shops:
D:2 =


Innate Abilities, Weirdness & Mutations

A frigid envelope surrounds you and freezes all who hurt you.


Message History

The gnoll is moderately wounded.
You slash the gnoll!
You kill the gnoll!
Beogh accepts your kill.
You closely miss the hornet. You block the hornet's attack.
The gnoll hits you with a +0 flail.
The gnoll is very cold.
The gnoll is heavily wounded.
The gnoll closely misses you.
The gnoll sergeant hits you from afar with a +0 spear!
You barely miss the gnoll.
The gnoll is heavily wounded.
You hit the hornet. You slash the jelly!
Your hands burn!
The hornet closely misses you.
The hornet stings you but does no damage.
The hornet is very cold.
The hornet is severely wounded.
You hit the jelly. The acid corrodes you!
Your hands burn!
The jelly is severely wounded.
You hit the gnoll but do no damage. You barely miss the hornet.
The gnoll closely misses you. The gnoll hits you but does no damage.
The gnoll sergeant hits you from afar with a +0 spear.
The jelly hits you. The acid corrodes you!
You are splashed with acid!
* * * LOW HITPOINT WARNING * * *
The jelly is very cold.
The jelly is almost dead.
The hornet stings you!
* * * LOW HITPOINT WARNING * * *
You hit the gnoll.
The gnoll is severely wounded.
You hit the hornet but do no damage. You hit the jelly but do no damage.
Your hands burn!
* * * LOW HITPOINT WARNING * * *
The hornet stings you!
* * * LOW HITPOINT WARNING * * *
The hornet is very cold.
The hornet is severely wounded.
The gnoll barely misses you. The gnoll closely misses you.
The gnoll sergeant hits you but does no damage.
The jelly closely misses you. The hornet stings you.
You die...

....... ...
.##........ .......
.. .......<...
.......##..
.##....####
.......#.. # #..##
.>.......##.##...#
.......o... ...#
......gg.# ###
......y).#
......J@g##
#.........### #
##......#...### .
#.....####...### #.
#...## ##.#...###
##.. #..#
##........###..#
##.
###.............##
#
##..<.......##....#
#..........###.....


You could see a hornet, an orc warrior, a gnoll sergeant, a jelly and 2 gnolls.

Vanquished Creatures
  Pikel (D:7)
  Maggie (D:7)
  A hornet (D:8)
  Grinder (D:3)
  A yak (D:8)
  Edmund (D:6)
  2 water moccasins
  A sky beast (D:7)
  2 ice beasts (D:8)
  3 ogres
  A centaur (D:8)
  A lemure (D:7)
  2 kobold brigands
  6 bullfrogs
  7 scorpions
  A wyvern zombie (Ossuary)
  2 water moccasin zombies (Ossuary)
  A howler monkey (D:8)
  2 centaur zombies (Ossuary)
  5 bullfrog zombies (Ossuary)
  A jelly (D:7)
  A gnoll bouda (D:7)
  3 hounds
  2 orc priests (D:7)
  3 sleepcaps
  2 iguanas
  2 orc wizards
  3 killer bee zombies (Ossuary)
  15 mummies
  Robin (D:4)
  14 gnolls
  3 howler monkey zombies (Ossuary)
  13 adders
  An ufetubus (D:6)
  2 worms
  5 dart slugs
  18 orcs
  A bat (D:3)
  7 endoplasms
  4 giant cockroaches
  13 goblins
  10 hobgoblins
  3 quokkas
  6 ball pythons
  4 frilled lizards
  16 kobolds
  2 rats
  A spectral goblin (D:1)
198 creatures vanquished.

Vanquished Creatures (others)
  An orc (D:4)
  A kobold (D:7)
2 creatures vanquished.

Grand Total: 200 creatures vanquished

Notes
Turn   | Place    | Note
-------+----------+-------------------------------------------
     0 | D:1      | Ancymon the Hill Orc Fighter began the quest for the Orb.
     0 | D:1      | Reached XP level 1. HP: 19/19 MP: 1/1
   233 | D:1      | Found a faded altar of an unknown god.
   257 | D:1      | Reached skill level 5 in Fighting
   257 | D:1      | Reached skill level 4 in Axes
   257 | D:1      | Reached skill level 1 in Polearms
   257 | D:1      | Reached skill level 1 in Stealth
   257 | D:1      | Reached XP level 2. HP: 29/29 MP: 2/2
   312 | D:1      | Reached XP level 3. HP: 32/36 MP: 3/3
   632 | D:2      | Reached XP level 4. HP: 41/42 MP: 4/4
   653 | D:2      | Reached skill level 5 in Axes
  1047 | D:2      | Found Caotyb's Jewellery Emporium.
  1175 | D:3      | Reached XP level 5. HP: 48/48 MP: 5/5
  1211 | D:3      | Noticed Grinder
  1213 | D:3      | Paralysed by Grinder for 5 turns
  1230 | D:3      | Paralysed by Grinder for 5 turns
  1235 | D:3      | Killed Grinder
  1236 | D:3      | Reached skill level 6 in Axes
  1236 | D:3      | Reached skill level 5 in Armour
  1236 | D:3      | Reached XP level 6. HP: 22/56 MP: 6/6
  2026 | D:3      | Reached skill level 5 in Shields
  2303 | D:4      | Reached skill level 7 in Axes
  2303 | D:4      | Reached XP level 7. HP: 56/61 MP: 7/7
  2863 | D:4      | Reached skill level 8 in Axes
  2863 | D:4      | Reached XP level 8. HP: 58/70 MP: 8/8
  3154 | D:4      | Became a worshipper of Beogh the Brigand
  3184 | D:4      | Found a shadowy altar of Dithmenos.
  3359 | D:4      | Identified the +2 helmet "Biwoath" {Int+3}
  3359 | D:4      | Noticed Robin
  3377 | D:4      | Killed Robin
  3690 | D:5      | Entered Level 5 of the Dungeon
  4791 | D:5      | Gained mutation: A frigid envelope surrounds you and
                  | freezes all who hurt you. [potion of mutation]
  4968 | D:6      | Reached skill level 9 in Axes
  4998 | D:6      | Identified the +1 ring mail of Ru's Felicitations {rF+}
  5164 | D:6      | Found a sand-covered staircase.
  5167 | D:6      | Reached * piety under Beogh
  5172 | Ossuary  | Entered an ossuary
  5315 | Ossuary  | Reached XP level 9. HP: 19/78 MP: 9/9
  5541 | Ossuary  | Reached skill level 10 in Axes
  5716 | Ossuary  | Reached ** piety under Beogh
  6407 | D:6      | Noticed Edmund
  6420 | D:6      | Killed Edmund
  6689 | D:6      | Reached skill level 11 in Axes
  6896 | D:7      | Noticed Maggie
  6908 | D:7      | Killed Maggie
  7244 | D:7      | Noticed Pikel
  7252 | D:7      | Killed Pikel
  7253 | D:7      | Reached skill level 12 in Axes
  7253 | D:7      | Reached XP level 10. HP: 48/88 MP: 10/10
  7712 | D:7      | Found a staircase to the Ecumenical Temple.
  7855 | D:8      | Paralysed by a hornet for 1 turns
  8154 | D:8      | HP: 2/90 [hornet (9)]
  8154 | D:8      | Slain by a hornet

Illustrated notes

Levels and vault maps discovered:
D:1:      amcnicky_arrival_double_pillar, layout_basic,
          dreamdust_ecumenical_altar_drowned_temple
D:2:      layout_rooms, serial_shops, shop, chequers_serial_rivers_marsh,
          grunt_ministairs_8
D:3:      minmay_spotlight, layout_basic, gammafunk_temple_overflow_statue,
          st_stairs_6, chequers_jeans, uniq_grinder
D:4:      cheibrodos_helix_gallery, layout_basic,
          lemuel_zombie_altar_yredelemnul, lemuel_coloured_pillars_altar,
          uniq_robin
D:5:      layout_loops_corners, chequers_serial_rivers_micro_b
D:6:      layout_gridville, gup_ossuary_entry_pyramid, minmay_gold_behind_fungi,
          uniq_edmund
D:7:      layout_basic, temple_doors_e, uniq_pikel, uniq_maggie
D:8:      layout_cave_pods, tgw_xom, mainiacjoe_overflow_paths,
          mainiacjoe_overflow_small_starburst, enter_bailey_4,
          minmay_manual_monstrance

Skill      XL: |  1  2  3  4  5  6  7  8  9 |
---------------+----------------------------+-----
Fighting       | 5 6 8 |  8.8
Axes           | 4 5 6 7 8 9 12 | 12.9
Polearms       | 1 |  1.8
Armour         | 4 5 6 7 |  7.8
Dodging        | 2 3 |  3.5
Stealth        | 1 2 |  2.1
Shields        | 4 5 6 |  6.2

Action                     |  1- 3 |  4- 6 |  7- 9 | 10-12 || total
---------------------------+-------+-------+-------+-------++-------
  Melee: War axe           |    50 |    98 |   381 |    53 ||   582
  Throw: Dart              |       |       |     2 |       ||     2
 Invoke: Convert to Beogh  |       |       |     1 |       ||     1
    Use: Scroll            |     5 |     4 |     5 |       ||    14
         Potion            |     2 |     5 |     6 |     4 ||    17
 Armour: Scale mail        |    33 |    79 |   145 |       ||   257
         Swamp dragon scal |       |       |    13 |    42 ||    55
  Dodge: Dodged            |    28 |    84 |   142 |    42 ||   296
  Block: Buckler           |    12 |    28 |    93 |    15 ||   148
